| TOP OF THE 1ST |
|
University of Illinois Fighting Illini batting - Pitching for University of Michigan Wolverines : RHP Danny Arroyo
|
|
Pitching: RHP Danny Arroyo
|
|
|
Batting: SHB Dan Strickland
|
0-0: Ground out U3 (Groundball, 34, EV 86.2 MPH)
|
|
Batting: RHB Lance Borgen
|
0-0: Ball 1-0: Called Strike 1-1: SINGLE (Groundball, 56S, EV 65.0 MPH) (infield hit)
|
|
Batting: RHB Caleb Dean
|
0-0: Ball Wild Pitch! Lance Borgen to second 1-0: Foul Ball, location: 2F 1-1: Swinging Strike 1-2: Strikes out swinging
|
|
Batting: RHB Roger Whitaker
|
0-0: Fly out, F9 (Flyball, 9LS, EV 93.8 MPH)
|
| Top of the 1st over - 0 runs, 1 hit, 0 errors, 1 left on base; University of Illinois 0 - University of Michigan 0 |
| BOTTOM OF THE 1ST |
|
University of Michigan Wolverines batting - Pitching for University of Illinois Fighting Illini : RHP Victor Altagracia
|
|
Pitching: RHP Victor Altagracia
|
|
|
Batting: RHB Chris Williamson
|
0-0: Ball 1-0: Swinging Strike 1-1: Ball 2-1: Ball 3-1: Called Strike 3-2: Strikes out looking
|
|
Batting: LHB Omar Gutierrez
|
0-0: Foul Ball, location: 2F 0-1: Ball 1-1: SINGLE (Groundball, 34D, EV 101.9 MPH)
|
|
Batting: RHB Quirino Portel
|
0-0: Called Strike 0-1: Fly out, F9 (Flyball, 9, EV 80.6 MPH)
|
|
Batting: LHB Lance Sabo
|
0-0: Fly out, F7 (Flyball, 7, EV 91.2 MPH)
|
| Bottom of the 1st over - 0 runs, 1 hit, 0 errors, 1 left on base; University of Illinois 0 - University of Michigan 0 |
| TOP OF THE 2ND |
|
University of Illinois Fighting Illini batting - Pitching for University of Michigan Wolverines : RHP Danny Arroyo
|
|
Batting: LHB Mike Murphy
|
0-0: Foul Ball, location: 2F 0-1: Foul Ball, location: 2F 0-2: Foul Ball, location: 2F 0-2: Foul Ball, location: 2F 0-2: Ball 1-2: Strikes out looking
|
|
Batting: SHB Bernie Gallegos
|
0-0: SINGLE (Line Drive, 9LS, EV 110.0 MPH)
|
|
Batting: RHB Damien Blot
|
0-0: Sac Bunt to 3S - play at first, batter OUT! 3-4 Bernie Gallegos to second
|
|
Batting: LHB Matt Highfill
|
0-0: Called Strike 0-1: Ball 1-1: Ball Wild Pitch! Bernie Gallegos to third 2-1: Foul Ball, location: 2F 2-2: Strikes out looking
|
| Top of the 2nd over - 0 runs, 1 hit, 0 errors, 1 left on base; University of Illinois 0 - University of Michigan 0 |
| BOTTOM OF THE 2ND |
|
University of Michigan Wolverines batting - Pitching for University of Illinois Fighting Illini : RHP Victor Altagracia
|
|
Batting: RHB Aaron Marakovits
|
0-0: Ball 1-0: Reached on error, E2 (Groundball, 2R, EV 69.4 MPH)
|
|
Batting: RHB Mario Cruz
|
0-0: Ball 1-0: Ball 2-0: Ball 3-0: Foul Ball, location: 2F 3-1: Foul Ball, location: 2F 3-2: Fly out, F8 (Flyball, 89S, EV 80.0 MPH)
|
|
Batting: SHB Henrik Berg
|
0-0: Ball 1-0: Ball 2-0: Sac Bunt to 15S - play at second, runner OUT! 1-6
|
|
Batting: LHB Murdock Cranton
|
0-0: Ball 1-0: Ball 2-0: Called Strike 2-1: SINGLE (Line Drive, 7LS, EV 106.2 MPH) Henrik Berg to second
|
|
Batting: RHB Torsten Ernst
|
0-0: Ball 1-0: Ground out U3 (Groundball, 34, EV 108.8 MPH)
|
| Bottom of the 2nd over - 0 runs, 1 hit, 1 error, 2 left on base; University of Illinois 0 - University of Michigan 0 |
| TOP OF THE 3RD |
|
University of Illinois Fighting Illini batting - Pitching for University of Michigan Wolverines : RHP Danny Arroyo
|
|
Batting: RHB Hector Flores
|
0-0: Fly out, F7 (Flyball, 7LSF, EV 81.9 MPH)
|
|
Batting: SHB Dan Strickland
|
0-0: Fly out, F2 (Popup, 25F, EV 84.4 MPH)
|
|
Batting: RHB Lance Borgen
|
0-0: Swinging Strike 0-1: DOUBLE (Flyball, 89D, EV 97.5 MPH)
|
|
Batting: RHB Caleb Dean
|
0-0: Ball 1-0: Fly out, F7 (Flyball, 7S, EV 91.2 MPH)
|
| Top of the 3rd over - 0 runs, 1 hit, 0 errors, 1 left on base; University of Illinois 0 - University of Michigan 0 |
| BOTTOM OF THE 3RD |
|
University of Michigan Wolverines batting - Pitching for University of Illinois Fighting Illini : RHP Victor Altagracia
|
|
Batting: RHB Chris Williamson
|
0-0: Called Strike 0-1: Ball 1-1: SINGLE (Flyball, 56D, EV 86.2 MPH)
|
|
Batting: LHB Omar Gutierrez
|
0-0: Sac Bunt to 15 - play at first, batter OUT! 1-3 Chris Williamson to second
|
|
Batting: RHB Quirino Portel
|
0-0: Ball 1-0: Called Strike 1-1: Called Strike 1-2: Ball 2-2: Strikes out swinging
|
|
Batting: LHB Lance Sabo
|
0-0: Ball 1-0: Ball 2-0: Called Strike 2-1: Ball 3-1: SINGLE (Line Drive, 5D, EV 97.5 MPH) Chris Williamson to third
|
|
Batting: RHB Aaron Marakovits
|
0-0: Called Strike 0-1: Called Strike 0-2: Ball 1-2: Strikes out swinging
|
| Bottom of the 3rd over - 0 runs, 2 hits, 0 errors, 2 left on base; University of Illinois 0 - University of Michigan 0 |
| TOP OF THE 4TH |
|
University of Illinois Fighting Illini batting - Pitching for University of Michigan Wolverines : RHP Danny Arroyo
|
|
Batting: RHB Roger Whitaker
|
0-0: Called Strike 0-1: Ball 1-1: Foul Ball, location: 2F 1-2: Ball 2-2: Strikes out swinging
|
|
Batting: LHB Mike Murphy
|
0-0: Foul Ball, location: 2F 0-1: Fly out, F6 (Popup, 6M, EV 68.8 MPH)
|
|
Batting: SHB Bernie Gallegos
|
0-0: Fly out, F8 (Flyball, 8RM, EV 80.6 MPH)
|
| Top of the 4th over - 0 runs, 0 hits, 0 errors, 0 left on base; University of Illinois 0 - University of Michigan 0 |
| BOTTOM OF THE 4TH |
|
University of Michigan Wolverines batting - Pitching for University of Illinois Fighting Illini : RHP Victor Altagracia
|
|
Batting: RHB Mario Cruz
|
0-0: Foul Ball, location: 2F 0-1: Ball 1-1: Ball 2-1: Swinging Strike 2-2: Foul Ball, location: 2F 2-2: Ball 3-2: Base on Balls
|
|
Batting: SHB Henrik Berg
|
0-0: Bunted foul 0-1: Sac Bunt to 13S - play at first, batter OUT! 1-3 Mario Cruz to second
|
|
Batting: LHB Murdock Cranton
|
0-0: Fly out, F8 (Flyball, 8RM, EV 89.4 MPH)
|
|
Batting: RHB Torsten Ernst
|
0-0: Ball 1-0: Foul Ball, location: 2F 1-1: Foul Ball, location: 2F 1-2: Ball Wild Pitch! Mario Cruz to third 2-2: Foul Ball, location: 2F 2-2: Foul Ball, location: 2F 2-2: Foul Ball, location: 2F 2-2: Ball 3-2: Base on Balls
|
|
Pitching: RHP Bryan Schauman
|
|
|
Batting: RHB Chris Williamson
|
0-0: Called Strike 0-1: Ball 1-1: Ball 2-1: Ball 3-1: Base on Balls Torsten Ernst to second
|
|
Batting: LHB Omar Gutierrez
|
0-0: Ball 1-0: SINGLE (Groundball, P, EV 94.4 MPH) (infield hit) Mario Cruz scores Torsten Ernst to third Chris Williamson to second
|
|
Batting: RHB Quirino Portel
|
0-0: SINGLE (Groundball, 4S, EV 73.8 MPH) (infield hit) Torsten Ernst scores Chris Williamson to third Omar Gutierrez to second
|
|
Batting: LHB Lance Sabo
|
0-0: GRAND SLAM HOME RUN (Flyball, 9D, EV 100.6 MPH), Distance : 408 ft
|
|
Batting: RHB Aaron Marakovits
|
0-0: Foul Ball, location: 2F 0-1: Ball 1-1: Ball 2-1: Ground out 6-3 (Groundball, 56, EV 87.5 MPH)
|
| Bottom of the 4th over - 6 runs, 3 hits, 0 errors, 0 left on base; University of Illinois 0 - University of Michigan 6 |
| TOP OF THE 5TH |
|
University of Illinois Fighting Illini batting - Pitching for University of Michigan Wolverines : RHP Danny Arroyo
|
|
Batting: RHB Damien Blot
|
0-0: Called Strike 0-1: Foul Ball, location: 2F 0-2: Ball 1-2: Ball 2-2: DOUBLE (Line Drive, 9LS, EV 101.2 MPH)
|
|
Batting: LHB Matt Highfill
|
0-0: Called Strike 0-1: Fly out, F8 (Flyball, 8RD, EV 86.2 MPH)
|
|
Batting: RHB Hector Flores
|
0-0: Called Strike 0-1: Hit by Pitch
|
|
Batting: SHB Dan Strickland
|
0-0: Ball 1-0: Ball 2-0: Ball 3-0: Called Strike 3-1: Base on Balls Damien Blot to third Hector Flores to second
|
|
Batting: RHB Lance Borgen
|
0-0: Foul Ball, location: 2F 0-1: Foul Ball, location: 2F 0-2: Strikes out swinging
|
|
Batting: RHB Caleb Dean
|
0-0: Foul Ball, location: 2F 0-1: Ball 1-1: Ball 2-1: Called Strike 2-2: Fly out, F7 (Flyball, 7, EV 88.8 MPH)
|
| Top of the 5th over - 0 runs, 1 hit, 0 errors, 3 left on base; University of Illinois 0 - University of Michigan 6 |
| BOTTOM OF THE 5TH |
|
University of Michigan Wolverines batting - Pitching for University of Illinois Fighting Illini : RHP Bryan Schauman
|
|
Pitching: RHP Ross Ledford
|
|
|
Batting: RHB Mario Cruz
|
0-0: Called Strike 0-1: Swinging Strike 0-2: DOUBLE (Line Drive, 9LM, EV 109.4 MPH)
|
|
Batting: SHB Henrik Berg
|
0-0: Ball 1-0: Ball 2-0: Sac Bunt to 2R - play at first, batter OUT! 2-4 Mario Cruz to third
|
|
Batting: LHB Murdock Cranton
|
0-0: Fly out, F8 (Line Drive, 8LD, EV 95.6 MPH) Runner from 3rd tags up, SCORES, no throw by CF
|
|
Batting: RHB Torsten Ernst
|
0-0: Called Strike 0-1: Ball 1-1: Ground out 6-3 (Groundball, 6, EV 105.6 MPH)
|
| Bottom of the 5th over - 1 run, 1 hit, 0 errors, 0 left on base; University of Illinois 0 - University of Michigan 7 |
| TOP OF THE 6TH |
|
University of Illinois Fighting Illini batting - Pitching for University of Michigan Wolverines : RHP Danny Arroyo
|
|
Batting: RHB Roger Whitaker
|
0-0: Ground out 2-3 (Groundball, 2L, EV 70.0 MPH)
|
|
Batting: LHB Mike Murphy
|
0-0: Called Strike 0-1: Ball 1-1: Foul Ball, location: 2F 1-2: Foul Ball, location: 2F 1-2: Foul Ball, location: 2F 1-2: Ball 2-2: Ball 3-2: Ground out 4-3 (Groundball, 4, EV 85.6 MPH)
|
|
Batting: SHB Bernie Gallegos
|
0-0: Ball 1-0: Foul Ball, location: 2F 1-1: Foul Ball, location: 2F 1-2: Foul Ball, location: 2F 1-2: Ball 2-2: Ball 3-2: Fly out, F8 (Line Drive, 78M, EV 86.9 MPH)
|
| Top of the 6th over - 0 runs, 0 hits, 0 errors, 0 left on base; University of Illinois 0 - University of Michigan 7 |
| BOTTOM OF THE 6TH |
|
University of Michigan Wolverines batting - Pitching for University of Illinois Fighting Illini : RHP Ross Ledford
|
|
Batting: RHB Chris Williamson
|
0-0: Called Strike 0-1: Foul Ball, location: 2F 0-2: Ball 1-2: Ball 2-2: Foul Ball, location: 2F 2-2: Ball 3-2: Base on Balls
|
|
Batting: LHB Omar Gutierrez
|
0-0: Sac Bunt to 13S - play at first, batter OUT! 1-3 Chris Williamson to second
|
|
Batting: RHB Quirino Portel
|
0-0: Ball 1-0: Foul Ball, location: 2F 1-1: Ball 2-1: Ball 3-1: Foul Ball, location: 2F 3-2: Base on Balls
|
|
Batting: LHB Lance Sabo
|
0-0: SINGLE (Groundball, 4M, EV 108.8 MPH) (infield hit) Chris Williamson to third Quirino Portel to second
|
|
Batting: RHB Aaron Marakovits
|
0-0: Ball 1-0: SINGLE (Groundball, 6, EV 97.5 MPH) Chris Williamson scores Quirino Portel to third Lance Sabo to second
|
|
Batting: RHB Mario Cruz
|
0-0: Ball 1-0: Ball 2-0: Called Strike 2-1: Ball 3-1: Swinging Strike 3-2: Strikes out swinging
|
|
Batting: SHB Henrik Berg
|
0-0: Called Strike 0-1: Foul Ball, location: 2F 0-2: Strikes out swinging
|
| Bottom of the 6th over - 1 run, 2 hits, 0 errors, 3 left on base; University of Illinois 0 - University of Michigan 8 |
| TOP OF THE 7TH |
|
University of Illinois Fighting Illini batting - Pitching for University of Michigan Wolverines : RHP Danny Arroyo
|
|
Batting: RHB Damien Blot
|
0-0: Ground out 1-3 (Groundball, 15S, EV 68.1 MPH)
|
|
Batting: LHB Matt Highfill
|
0-0: Foul Ball, location: 2F 0-1: Foul Ball, location: 2F 0-2: Ground out 4-3 (Groundball, 4S, EV 79.4 MPH)
|
|
Batting: RHB Hector Flores
|
0-0: Ball 1-0: Fly out, F7 (Line Drive, 78M, EV 90.0 MPH)
|
| Top of the 7th over - 0 runs, 0 hits, 0 errors, 0 left on base; University of Illinois 0 - University of Michigan 8 |
| BOTTOM OF THE 7TH |
|
University of Michigan Wolverines batting - Pitching for University of Illinois Fighting Illini : RHP Ross Ledford
|
|
Batting: LHB Murdock Cranton
|
0-0: Called Strike 0-1: Called Strike 0-2: Strikes out swinging
|
|
Batting: RHB Torsten Ernst
|
0-0: Called Strike 0-1: Ball 1-1: Foul Ball, location: 2F 1-2: Ground out 6-3 (Groundball, 6M, EV 84.4 MPH)
|
|
Batting: RHB Chris Williamson
|
0-0: Called Strike 0-1: Foul Ball, location: 2F 0-2: Strikes out swinging
|
| Bottom of the 7th over - 0 runs, 0 hits, 0 errors, 0 left on base; University of Illinois 0 - University of Michigan 8 |
| TOP OF THE 8TH |
|
University of Illinois Fighting Illini batting - Pitching for University of Michigan Wolverines : RHP Danny Arroyo
|
|
Batting: SHB Dan Strickland
|
0-0: Foul Ball, location: 2F 0-1: Foul Ball, location: 2F 0-2: Ball 1-2: Foul Ball, location: 2F 1-2: Ball 2-2: Foul Ball, location: 2F 2-2: Ball 3-2: Foul Ball, location: 2F 3-2: SINGLE (Line Drive, 7S, EV 108.8 MPH)
|
|
Batting: RHB Lance Borgen
|
0-0: Foul Ball, location: 2F 0-1: Ball 1-1: Foul Ball, location: 2F 1-2: Ball 2-2: Foul Ball, location: 2F 2-2: Ball 3-2: 2-RUN HOME RUN (Flyball, 7LD, EV 100.0 MPH), Distance : 375 ft
|
|
Batting: RHB Caleb Dean
|
0-0: Called Strike 0-1: SINGLE (Groundball, 5D, EV 97.5 MPH)
|
|
Batting: RHB Roger Whitaker
|
0-0: Called Strike 0-1: Called Strike 0-2: Foul Ball, location: 2F 0-2: Ball 1-2: SINGLE (Groundball, 4D, EV 105.0 MPH) Caleb Dean to second
|
|
Batting: LHB Mike Murphy
|
0-0: Called Strike 0-1: Called Strike 0-2: Fly out, F6 (Popup, 6, EV 79.4 MPH)
|
|
Batting: SHB Bernie Gallegos
|
0-0: Called Strike 0-1: Ball 1-1: Foul Ball, location: 2F 1-2: Ball 2-2: SINGLE (Flyball, 5D, EV 88.8 MPH) Caleb Dean to third Roger Whitaker to second
|
|
Batting: RHB Damien Blot
|
0-0: Ball 1-0: SINGLE (Line Drive, 4MD, EV 100.0 MPH) Caleb Dean scores Roger Whitaker to third Bernie Gallegos to second
|
|
Batting: LHB Matt Highfill
|
0-0: Swinging Strike 0-1: Foul Ball, location: 2F 0-2: Foul Ball, location: 2F 0-2: Strikes out swinging
|
|
Batting: RHB Hector Flores
|
0-0: Swinging Strike 0-1: Called Strike 0-2: Strikes out swinging
|
| Top of the 8th over - 3 runs, 6 hits, 0 errors, 3 left on base; University of Illinois 3 - University of Michigan 8 |
| BOTTOM OF THE 8TH |
|
University of Michigan Wolverines batting - Pitching for University of Illinois Fighting Illini : RHP Ross Ledford
|
|
Batting: LHB Omar Gutierrez
|
0-0: Foul Ball, location: 2F 0-1: Ball 1-1: Foul Ball, location: 2F 1-2: Foul Ball, location: 2F 1-2: Fly out, F6 (Line Drive, 6, EV 65.0 MPH)
|
|
Batting: RHB Quirino Portel
|
0-0: Called Strike 0-1: Ball 1-1: SINGLE (Line Drive, 5D, EV 101.9 MPH)
|
|
Batting: LHB Lance Sabo
|
0-0: Called Strike 0-1: Ball 1-1: Ball 2-1: Swinging Strike 2-2: Strikes out swinging
|
|
Batting: RHB Aaron Marakovits
|
0-0: Ball 1-0: Ball 2-0: Swinging Strike 2-1: Foul Ball, location: 2F 2-2: Strikes out swinging
|
| Bottom of the 8th over - 0 runs, 1 hit, 0 errors, 1 left on base; University of Illinois 3 - University of Michigan 8 |
| TOP OF THE 9TH |
|
University of Illinois Fighting Illini batting - Pitching for University of Michigan Wolverines : RHP Danny Arroyo
|
|
Batting: SHB Dan Strickland
|
0-0: Ground out 6-3 (Groundball, 56, EV 90.0 MPH)
|
|
Batting: RHB Lance Borgen
|
0-0: Ball 1-0: Called Strike 1-1: Ball 2-1: Ball 3-1: SOLO HOME RUN (Flyball, 9D, EV 101.9 MPH), Distance : 397 ft
|
|
Batting: RHB Caleb Dean
|
0-0: Called Strike 0-1: Ball 1-1: Ball 2-1: Fly out, F7 (Flyball, 78M, EV 93.1 MPH)
|
|
Batting: RHB Roger Whitaker
|
0-0: Fly out, F7 (Flyball, 7, EV 85.6 MPH)
|
| Top of the 9th over - 1 run, 1 hit, 0 errors, 0 left on base; University of Illinois 4 - University of Michigan 8 |
|